 Dungeon Crawl Stone Soup version 0.21.0-3-g78d12a8 (webtiles) character file.

35 Ignatius881 the Caller (level 3, 0/19 HPs)
             Began as a Deep Elf Summoner on Jan 9, 2018.
             Succumbed to an adder's poison
             ... on level 2 of the Dungeon.
             The game lasted 00:05:13 (1758 turns).

Ignatius881 the Caller (Deep Elf Summoner)          Turns: 1758, Time: 00:05:15

Health: 0/19       AC:  2    Str:  5    XL:     3   Next: 17%
Magic:  10/10      EV: 13    Int: 20    God:
Gold:   46         SH:  0    Dex: 15    Spells: 6/9 levels left

rFire    . . .     SeeInvis .   c - +0 dagger
rCold    . . .     Gourm    .   (no shield)
rNeg     . . .     Faith    .   a - +0 robe
rPois    .         Spirit   .   (no helmet)
rElec    .         Reflect  .   (no cloak)
rCorr    .         Harm     .   (no gloves)
MR       .....                  (no boots)
Stlth    ++........             (no amulet)
HPRegen  0.06/turn              (no ring)
MPRegen  0.12/turn              (no ring)

@: lethally poisoned (0 -> -2)
A: no striking features
a: no special abilities


You were on level 2 of the Dungeon.
You were not hungry.

You visited 1 branch of the dungeon, and saw 2 of its levels.

You collected 46 gold pieces.

Inventory:

Hand Weapons
 c - a +0 dagger (weapon)
   (You found it on level 2 of the Dungeon)
Missiles
 d - 41 stones (quivered)
Armour
 a - a +0 robe (worn)
Jewellery
 g - an uncursed amulet of harm {unknown}
   (You found it on level 2 of the Dungeon)
Books
 b - a book of Callings
Comestibles
 e - 2 rations
 h - a chunk of flesh


   Skills:
 - Level 2.4 Dodging
 - Level 2.4 Stealth
 + Level 3.7 Spellcasting
 * Level 5.2 Summonings


You had 6 spell levels left.
You knew the following spells:

 Your Spells              Type           Power        Failure   Level  Hunger
a - Summon Small Mammal   Summ           ###.         1%          1    None
b - Call Imp              Summ           ###.....     2%          2    ##.....


Dungeon Overview and Level Annotations

Branches:
Dungeon (2/15)

Altars:


Message History

Your crimson imp blinks!
The adder bites you.
You are poisoned.
The adder poisons you!
Your crimson imp blinks!
You hit the adder.
You feel sick.
Your crimson imp blinks!
The adder bites you but does no damage.
You miss the adder. The adder closely misses you.
Your crimson imp blinks!
The adder closely misses you.
You miss the adder. The adder bites you.
* * * LOW HITPOINT WARNING * * *
You are lethally poisoned!
The adder poisons you!
Your crimson imp closely misses the adder.
You swap places.
* * * LOW HITPOINT WARNING * * *
You feel sick. The adder bites your crimson imp.
Your crimson imp hits the adder.
The adder dies!
There is an open door here.
As you read the scroll labeled SESEHO SORCHAQERER, it crumbles to dust.
It is a scroll of amnesia.
Okay, then.
There is a lethal amount of poison in your body!
There is a lethal amount of poison in your body!
You swap places.
* * * LOW HITPOINT WARNING * * *
You feel sick.
You swap places.
Things that are here:
an adder corpse; a worm corpse
* * * LOW HITPOINT WARNING * * *
You feel sick.
* * * LOW HITPOINT WARNING * * *
You feel sick.
* * * LOW HITPOINT WARNING * * *
You feel sick.
* * * LOW HITPOINT WARNING * * *
You feel sick.
* * * LOW HITPOINT WARNING * * *
You feel sick.
You enter a teleport trap!
The teleport trap disappears.
Your surroundings suddenly seem different.
* * * LOW HITPOINT WARNING * * *
You feel sick.
Found a scroll labeled ZEOBYF OSENIH and 17 bolts.
You die...

#.... ## ....
..##
#.#.###..#....#
#.............#
#.# #.# #.# #.#
#@# #.# #?# ..#
###


There were no monsters in sight!

Vanquished Creatures (collateral kills)
  2 adders (D:2)
  An ooze (D:1)
  A worm (D:2)
  A leopard gecko (D:1)
  3 bats (D:1)
  2 giant cockroaches (D:1)
  2 hobgoblins (D:1)
  4 jackals (D:1)
  A frilled lizard (D:1)
  7 kobolds (D:1)
  6 rats
30 creatures vanquished.

Notes
Turn   | Place    | Note
-------+----------+-------------------------------------------
     0 | D:1      | Ignatius881 the Deep Elf Summoner began the quest for the Orb.
     0 | D:1      | Reached XP level 1. HP: 10/10 MP: 6/6
   294 | D:1      | Reached XP level 2. HP: 13/15 MP: 4/8
   333 | D:1      | Learned a level 2 spell: Call Imp
   944 | D:1      | Reached skill level 5 in Summonings
  1686 | D:2      | Reached XP level 3. HP: 19/19 MP: 6/10
  1758 | D:2      | Succumbed to an adder's poison

Skill      XL: |  1  2 |
---------------+-------+-----
Summonings     | 5 |  5.2
Dodging        | |  2.4
Stealth        | |  2.4
Spellcasting   | |  3.7

Action                   || total
-------------------------++-------
Melee: Unarmed           ||     6
       Dagger            ||     5
 Cast: Summon Small Mamm ||    17
       Call Imp          ||    29
  Use: Scroll            ||     2
  Eat: Ration            ||     1
       Chunk             ||     1
Armor: Robe              ||    16
Dodge: Dodged            ||    39
